 Dungeon Crawl Stone Soup version 0.20-a0-256-gabb291d (console) character file.

8090 nht the Bludgeoner (level 11, -6/172 HPs)
             Began as an Ogre Berserker on Dec 1, 2016.
             Was a High Priest of Trog.
             Mangled by an ice devil (16 damage)
             ... on level 11 of the Dungeon.
             The game lasted 00:15:46 (7675 turns).

nht the Bludgeoner (Ogre Berserker)                 Turns: 7675, Time: 00:15:47

Health: -6/172     AC: 11    Str: 32    XL:     11   Next: 25%
Magic:  11/11      EV: 10    Int:  6    God:    Trog [*****.]
Gold:   337        SH:  0    Dex: 11    Spells: 10/10 levels left

rFire  . . .     SeeInvis +     A - +1 flail (drain)
rCold  . . .     Gourm    .     G - +0 troll leather armour
rNeg   . . .     Faith    .     (no shield)
rPois  .         Spirit   .     D - +2 hat
rElec  .         Reflect  .     h - +1 cloak
rCorr  .         Harm     .     (gloves unavailable)
MR     +....                    (boots unavailable)
Stlth  ..........               (no amulet)
                                b - ring "Emett" {AC+2 Dex+2}
                                i - ring of see invisible

@: berserking, lethally poisoned (-6 -> -6), very quick
A: unfitting armour, tough skin 1
a: Berserk, Trog's Hand, Brothers in Arms, Burn Spellbooks, Renounce Religion


You were on level 11 of the Dungeon.
You worshipped Trog.
Trog was extremely pleased with you.
You were hungry.

You visited 1 branch of the dungeon, and saw 10 of its levels.

You collected 623 gold pieces.
You spent 286 gold pieces at shops.

Inventory:

Hand Weapons
 a - a +0 giant spiked club
 d - the +8 trident "Gyfaicek" {flame, +Fly MR- MP+9 Int+2}
   (You found it on level 5 of the Dungeon)

   It has been specially enchanted to burn those struck by it, causing extra
   injury to most foes and up to half again as much damage against particularly
   susceptible opponents.
   It affects your intelligence (+2).
   It affects your resistance to hostile enchantments.
   It affects your magic capacity (+9).
   It lets you fly.
 u - a +1 morningstar
 A - a +1 flail of draining (weapon)
Missiles
 t - 6 large rocks (quivered)
 w - 7 tomahawks of returning
 y - a throwing net
Armour
 h - a +1 cloak (worn)
 D - a +2 hat (worn)
 G - a +0 troll leather armour (worn)
Jewellery
 b - the ring "Emett" (right hand) {AC+2 Dex+2}
   (You bought it in a shop on level 9 of the Dungeon)

   [ring of protection]

   It affects your AC (+2).
   It affects your dexterity (+2).
 i - a ring of see invisible (left hand)
Wands
 p - a wand of confusion (6/48)
 v - a wand of iceblast (0/15)
 z - a wand of polymorph (7/24)
 H - a wand of lightning (4/15)
 I - a wand of paralysis (7/24)
Scrolls
 k - 4 scrolls of immolation
 l - 3 scrolls of remove curse
 m - 2 scrolls of teleportation
 x - 2 scrolls of blinking
 C - 2 scrolls of recharging
 E - 2 scrolls of noise
Potions
 e - 10 potions of curing {unknown}
 f - a potion of ambrosia
 g - a potion of cancellation
 j - 3 potions of flight
 n - 2 potions of lignification
 r - a potion of agility
 s - a potion of invisibility
 F - a potion of haste
Comestibles
 c - 7 bread rations
 o - 9 meat rations
 q - 2 beef jerkies
 B - 21 chunks of flesh


   Skills:
 + Level 9.2 Fighting
 * Level 17.7 Maces & Flails
 + Level 6.3 Throwing
 - Level 2.6 Dodging


You had 10 spell levels left.
You didn't know any spells.

Dungeon Overview and Level Annotations

Branches:
Dungeon (9/15)             Temple (0/1) D:5
   Lair: D:8-11         Orc: D:9-12

Altars:
Dithmenos
Elyvilon
Fedhas
Hepliaklqana
Kikubaaqudgha
Makhleb
Ru
Trog
Yredelemnul

Shops:
D:6 :   D:9 :**

Portals:
Ice
Cave: D:11


Innate Abilities, Weirdness & Mutations

You are too large for most types of armour.
You have tough skin. (AC +1)


Message History

You closely miss the ice devil.
The ice devil is lightly wounded.
You barely miss the ice devil.
The ice devil is lightly wounded.
The ice devil hits you but does no damage.
The ice devil hits you!
* * * LOW HITPOINT WARNING * * *
The ice devil freezes you!
* * * LOW HITPOINT WARNING * * *
You thump the ice devil!
The ice devil is heavily wounded.
You hit the ice devil but do no damage.
The ice devil is heavily wounded.
You feel sick.
You barely miss the ice devil.
The ice devil is heavily wounded.
The ice devil hits you.
* * * LOW HITPOINT WARNING * * *
The ice devil freezes you!
You die... ███████

█..∩..█
█.@4..█
█.4...█
█.....█
███.███
.█ ..
█+


You could see 2 ice devils.

Vanquished Creatures
  Gastronok (D:8)
  Pikel (D:7)
  Psyche (D:9)
  2 trolls (D:9)
  A hippogriff (D:9)
  Sigmund (D:2)
  5 yaks (D:9)
  3 slaves (D:7)
  2 phantoms
  An ice beast (D:6)
  A sky beast (D:9)
  A black bear (D:7)
  An eye of draining (D:8)
  6 orc warriors
  3 ogres
  The ghost of Xiguana the Magician, an amateur DgWz (D:3)
  A crocodile (D:8)
  3 centaurs
  5 bullfrogs
  A gnoll sergeant (D:9)
  A scorpion (D:4)
  9 killer bees
  A howler monkey (D:9)
  6 crimson imps
  A bullfrog zombie (D:9)
  A gnoll shaman (D:6)
  2 hounds
  11 orc wizards
  Crazy Yiuf (D:2)
  9 orc priests
  3 centaur skeletons
  An iguana (D:4)
  5 worker ants
  15 gnolls
  16 adders
  4 shadow imps
  An ooze (D:2)
  An adder zombie (D:9)
  An adder skeleton (D:4)
  2 worms
  3 dart slugs
  5 leopard geckos
  37 orcs
  7 bats
  3 giant cockroaches (D:3)
  10 goblins
  11 hobgoblins
  16 jackals
  4 quokkas
  8 frilled lizards
  9 kobolds
  A quokka skeleton (D:6)
  5 rats
251 creatures vanquished.

Notes
Turn   | Place    | Note
-------+----------+-------------------------------------------
     0 | D:1      | nht the Ogre Berserker began the quest for the Orb.
     0 | D:1      | Reached XP level 1. HP: 24/24 MP: 1/1
   294 | D:1      | Reached XP level 2. HP: 32/32 MP: 2/2
   447 | D:1      | Reached skill level 5 in Maces & Flails
   862 | D:2      | Reached XP level 3. HP: 37/39 MP: 3/3
  1003 | D:2      | Reached skill level 6 in Maces & Flails
  1072 | D:2      | Reached XP level 4. HP: 45/48 MP: 4/4
  1117 | D:2      | Noticed Sigmund
  1118 | D:2      | Reached ** piety under Trog
  1126 | D:2      | Killed Sigmund
  1126 | D:2      | Reached skill level 8 in Maces & Flails
  1126 | D:2      | Reached XP level 5. HP: 38/54 MP: 5/5
  1215 | D:2      | Found a runed door.
  1289 | D:2      | Reached XP level 6. HP: 45/62 MP: 6/6
  1598 | D:2      | Noticed Crazy Yiuf
  1603 | D:2      | Killed Crazy Yiuf
  1711 | D:3      | Noticed Xiguana's ghost (amateur DgWz)
  1720 | D:3      | Killed Xiguana's ghost
  1720 | D:3      | Reached skill level 9 in Maces & Flails
  2205 | D:3      | Reached skill level 10 in Maces & Flails
  2205 | D:3      | Reached XP level 7. HP: 59/70 MP: 7/7
  2261 | D:3      | Found a bloodstained altar of Trog.
  2409 | D:3      | Reached *** piety under Trog
  2927 | D:4      | Reached skill level 11 in Maces & Flails
  3352 | D:5      | Entered Level 5 of the Dungeon
  3365 | D:5      | Found a staircase to the Ecumenical Temple.
  3405 | D:5      | Reached XP level 8. HP: 64/78 MP: 8/8
  3467 | D:5      | Got an ancient trident
  3669 | D:5      | Reached skill level 12 in Maces & Flails
  3787 | D:5      | Found a shadowy altar of Dithmenos.
  4120 | D:6      | Reached skill level 13 in Maces & Flails
  4238 | D:6      | Reached **** piety under Trog
  4478 | D:6      | Found Gustraw's Book Shoppe.
  4890 | D:6      | Found a blossoming altar of Fedhas.
  4923 | D:6      | Reached skill level 14 in Maces & Flails
  4946 | D:6      | Reached XP level 9. HP: 70/84 MP: 9/9
  5465 | D:7      | Noticed Pikel
  5472 | D:7      | Reached skill level 1 in Throwing
  5475 | D:7      | Killed Pikel
  5475 | D:7      | Reached skill level 5 in Fighting
  5475 | D:7      | Reached skill level 15 in Maces & Flails
  6265 | D:8      | Found a sacrificial altar of Ru.
  6265 | D:8      | Found a burning altar of Makhleb.
  6392 | D:8      | Reached ***** piety under Trog
  6495 | D:8      | Noticed Gastronok
  6532 | D:8      | Killed Gastronok
  6532 | D:8      | Reached skill level 16 in Maces & Flails
  6532 | D:8      | Reached XP level 10. HP: 87/102 MP: 10/10
  6542 | D:8      | Received a gift from Trog
  6615 | D:8      | Got a fine whip
  6616 | D:8      | Identified the +6 whip of the Dragonfly {pain, Dex+3 Stlth+} (You found it on level 8 of the Dungeon)
  6618 | D:8      | Identified the +8 trident "Gyfaicek" {flame, +Fly MR- MP+9 Int+2} (You found it on level 5 of the Dungeon)
  6737 | D:8      | Reached skill level 5 in Throwing
  6799 | D:8      | Found a basalt altar of Yredelemnul.
  6908 | D:9      | Reached skill level 17 in Maces & Flails
  6915 | D:9      | Noticed Psyche
  6924 | D:9      | Killed Psyche
  6924 | D:9      | Reached XP level 11. HP: 113/113 MP: 11/11
  7112 | D:9      | Found Qemir's Assorted Antiques.
  7130 | D:9      | Bought a steaming iron ring for 105 gold pieces
  7130 | D:9      | Bought an amethyst potion for 18 gold pieces
  7130 | D:9      | Bought an iron wand for 84 gold pieces
  7130 | D:9      | Bought a scroll labeled ZAGUDO HOSHRAKK for 21 gold pieces
  7130 | D:9      | Bought a scroll labeled AHOIS BANESTIT for 21 gold pieces
  7130 | D:9      | Bought 2 amethyst potions for 37 gold pieces
  7132 | D:9      | Identified the ring "Emett" {AC+2 Dex+2} (You bought it in a shop on level 9 of the Dungeon)
  7301 | D:9      | Found an ancient bone altar of Kikubaaqudgha.
  7349 | D:9      | Received a gift from Trog
  7460 | D:9      | Found Gahyrayl's General Store.
  7538 | D:9      | Found Atiur's Book Shoppe.
  7552 | D:9      | Found a hazy altar of Hepliaklqana.
  7594 | D:9      | Found a white marble altar of Elyvilon.
  7649 | D:9      | Received a gift from Trog
  7665 | D:9      | You fall through a shaft for 2 floors!
  7665 | D:11     | Found a frozen archway.
  7675 | D:11     | Mangled by an ice devil

Vault maps used:
D:1:      lemuel_arrival_broad_hall, serial_bayou_lake_a
D:2:      first_bread, uniq_crazy_yiuf_cottage, uniq_sigmund
D:3:      old_standard_altar
D:5:      kennysheep_little_box
D:6:      kennysheep_mini_moat, serial_shops, nicolae_shop_behind_doors
D:7:      uniq_pikel
D:8:      grunt_temple_overflow_open, uniq_gastronok
D:9:      lemuel_coloured_pillars_altar, zin_purify,
          nicolae_gozag_cash_rules_everything_around_me,
          nicolae_overflow_crystal_walls, lemuel_crystal_altar,
          marbit_many_paths, lair_entry_dummy, basic_altar, serial_shops, shop,
          nicolae_shop_overgrown_old_shop, shop, uniq_psyche
D:11:     david_orc_2, portal_ice_cave_demonic_guard, serial_shops,
          nicolae_shop_competitors_out_of_business, enter_bailey_2,
          grunt_ogre_cave

Skill      XL: |  1  2  3  4  5  6  7  8  9 10 11 |
---------------+----------------------------------+-----
Maces & Flails | 5 6 8 10 11 14 16 17 | 17.7
Throwing       | 4 5 6 |  6.3
Fighting       | 7 8 9 |  9.2
Dodging        | |  2.6

Action                   |  1- 3 |  4- 6 |  7- 9 | 10-12 || total
-------------------------+-------+-------+-------+-------++-------
Melee: Mace              |    86 |    87 |       |       ||   173
       Morningstar       |       |    35 |   276 |       ||   311
       Flail             |       |       |    95 |   166 ||   261
Throw: Large rock        |       |       |       |     2 ||     2
Invok: Berserk           |     1 |     4 |     4 |     6 ||    15
       Burn Spellbooks   |       |       |     3 |       ||     3
Evoke: Wand              |       |       |    13 |     4 ||    17
  Use: Scroll            |       |       |    19 |     6 ||    25
       Potion            |       |       |     1 |       ||     1
  Eat: Chunk             |     2 |     8 |    17 |     9 ||    36
Armor: Animal skin       |    18 |    44 |    79 |    14 ||   155
       Troll leather arm |       |       |       |    45 ||    45
Dodge: Dodged            |    48 |    59 |   152 |    88 ||   347
